AoeStats
← Bre22

Arena

511016954Analyzed
1v1 RM · 6h ago on Oct 3, 2026· 39m 59s· 2 players
Game mode
Random Map
Map size
Tiny (2 player)
Population
200
Speed
Normal
Resources
Standard
Victory
Conquest
Starting age
Dark Age
Ending age
Imperial Age
RankedLock teamsTeams togetherTeam positionsShared explorationLock speedFull tech treeHidden civsTurbo modeCheats
Victory
Defeat
🇺🇸 Poles · United States
896
+15
🇦🇷 Persians · Argentina
869
-15
Bre22
6:59 Loom
10:05 Feudal Age
10:33 Double-Bit Axe
15:15 Castle Age
14:08 Gold Mining
17:04 Wheelbarrow
16:53 Forging
18:49 Horse Collar
20:24 Scale Mail Armor
23:20 Pikeman
28:38 Heavy Plow
28:49 Bow Saw
29:29 Squires
31:23 Hand Cart
32:48 Kamandaran
34:44 Thumb Ring
33:59 Crossbowman
35:56 Fletching
36:06 Padded Archer Armor
36:23 Chain Mail Armor
38:29 Town Watch
FootNewtons
0:28 Loom
10:23 Feudal Age
16:03 Castle Age
14:16 Horse Collar
15:35 Double-Bit Axe
24:35 Crossbowman
29:58 Imperial Age
27:57 Scale Barding Armor
27:48 Gold Mining
28:33 Wheelbarrow
28:04 Fletching
29:21 Bodkin Arrow
31:19 Padded Archer Armor
30:50 Cavalier
31:58 Conscription
33:20 Bow Saw
34:14 Chain Barding Armor
34:42 Bracer
34:08 Arbalester
36:06 Ballistics
36:05 Bloodlines
35:56 Husbandry
39:42 Pikeman
Connection lost

Rejoining the realm…

Still unreachable

The connection could not be restored.

Session expired

The server has moved on; the page needs a fresh start.